 Dungeon Crawl Stone Soup version 0.30-a0-42-g806c11bf1d (webtiles) character file.

Game seed: 14416764104693847195

1530 Kinoniko the Grappler (level 8, -4/78 HPs)
             Began as a Troll Monk on Aug 30, 2022.
             Killed from afar by an electric eel (12 damage)
             ... with a bolt of electricity
             ... on level 6 of the Dungeon.
             The game lasted 00:03:50 (3807 turns).

Kinoniko the Grappler (Troll Monk)                  Turns: 3807, Time: 00:03:50

Health: -4/78      AC:  4    Str: 22    XL:     8   Next: 55%
Magic:  7/7        EV: 10    Int:  6    God:
Gold:   286        SH:  0    Dex: 12    Spells: 7/7 levels left

rFire   + . .      SeeInvis .      - Unarmed
rCold   . . .      Faith    .    (no shield)
rNeg    . . .      Spirit   .    a - +0 robe
rPois   .          Reflect  .    (helmet restricted)
rElec   .          Harm     .    (no cloak)
rCorr   .          Rampage  .    (gloves unavailable)
Will    .....                    (boots unavailable)
Stlth   ++........               (no amulet)
HPRegen 1.03/turn                f - ring of protection from fire
MPRegen 0.10/turn                (no ring)

@: very slow
A: large, unfitting armour, claws 3, regeneration 1, shaggy fur 1, tough skin 1
a: no special abilities


You were on level 6 of the Dungeon.
You visited 1 branch of the dungeon, and saw 6 of its levels.

You collected 286 gold pieces.

Inventory:

Missiles
 l - a throwing net (quivered)
Armour
 a - a +0 robe (worn)
Jewellery
 f - a ring of protection from fire (left claw)
Wands
 m - a wand of flame (20)
 p - a wand of paralysis (2)
 r - a wand of digging (1)
Scrolls
 d - a scroll of poison
 e - 2 scrolls of teleportation
 j - 2 scrolls of vulnerability
 n - 4 scrolls of identify
 t - a scroll of enchant weapon {unknown}
 u - a scroll of blinking {unknown}
 v - a scroll of torment {unknown}
Potions
 b - 3 potions of ambrosia
 c - a potion of magic {unknown}
 g - a potion of mutation {unknown}
 h - a potion of heal wounds {unknown}
 i - a potion of degeneration {unknown}
 k - 2 potions of lignification {unknown}
 o - 2 potions of brilliance {unknown}
 q - a potion of curing {unknown}
 s - 2 potions of attraction {unknown}


   Skills:
 + Level 3.8 Fighting
 - Level 2.4 Dodging
 - Level 1.0 Stealth
 * Level 10.6 Unarmed Combat


You had 7 spell levels left.
You didn't know any spells.
Your spell library contained the following spells:

 Spells                   Type           Power      Damage    Failure   Level
 Blink                    Tloc           0%         N/A       58%         2
 Sublimation of Blood     Necr           0%         N/A       58%         2
 Frozen Ramparts          Ice            0%         1d1       83%         3
 Gell's Gravitas          Tloc           0%         N/A       83%         3
 Lesser Beckoning         Tloc           0%         N/A       83%         3
 Ozocubu's Armour         Ice            0%         N/A       83%         3
 Teleport Other           Tloc           0%         N/A       83%         3
 Tukima's Dance           Hex            0%         N/A       83%         3
 Ice Form                 Ice/Tmut       0%         N/A       99%         4
 Passage of Golubria      Tloc           0%         N/A       99%         4
 Petrify                  Tmut/Erth      0%         N/A       99%         4
 Summon Ice Beast         Ice/Summ       0%         N/A       99%         4
 Irradiate                Conj/Tmut      0%         3d11      100%        5
 Manifold Assault         Tloc           0%         N/A       100%        5
 Metabolic Englaciation   Hex/Ice        0%         N/A       100%        5
 Silence                  Hex/Air        0%         N/A       100%        5
 Yara's Violent Unravell  Hex/Tmut       0%         3d3       100%        5
 Dispersal                Tloc           0%         N/A       100%        6
 Simulacrum               Ice/Necr       0%         N/A       100%        6
 Storm Form               Tmut/Air       0%         N/A       100%        7
 Lehudib's Crystal Spear  Conj/Erth      0%         10d2      100%        8


Dungeon Overview and Level Annotations

Branches:
Dungeon (6/15)
 Temple: D:4-7

Altars:
Dithmenos
Fedhas
Nemelex Xobeh
Qazlal
Vehumet
Xom
Yredelemnul
Zin

Shops:
D:1 [:


Innate Abilities, Weirdness & Mutations

You are too large for most types of armour.
You have claws for hands.
Your natural rate of healing is unusually fast.
You are covered in fur. (AC +1)
You have tough skin. (AC +1)


Message History

The electric eel shoots out a bolt of lightning at you!
The bolt of electricity hits the plant!
The bolt of electricity hits you!
You are too injured to fight recklessly!
You are too injured to fight recklessly!
You are too injured to fight recklessly!
You are too injured to fight recklessly!
Unknown command.
You barely miss the electric eel. Your claw misses the electric eel.
The electric eel is heavily wounded.
Unknown command.
You miss the electric eel.
The electric eel is heavily wounded.
The electric eel shoots out a bolt of lightning at you!
The bolt of electricity hits the plant!
The bolt of electricity hits you.
* * * LOW HITPOINT WARNING * * *
You claw the electric eel!
You kill the electric eel!
A nearby plant withers and dies.
Unknown command.
A nearby plant withers and dies.
The electric eel shoots out a bolt of lightning at you!
The bolt of electricity hits you!
* * * LOW HITPOINT WARNING * * *
The electric eel shoots out a bolt of lightning at you!
The bolt of electricity hits you!
* * * LOW HITPOINT WARNING * * *
You miss the electric eel. You claw the electric eel.
The electric eel is lightly wounded.
You barely miss the electric eel.
The electric eel is lightly wounded.
You claw the electric eel!
The electric eel is almost dead.
Unknown command.
You closely miss the electric eel.
The electric eel is almost dead.
You barely miss the electric eel.
The electric eel is almost dead.
The electric eel shoots out a bolt of lightning at you!
The bolt of electricity hits you!
You die...

#.####...#.###. # .♣ ..
##.#.# ... ♣~♣ .## #.#.#
## ~~~~ #.... # ~~~~♣♣ #
#. #. ~~~≈~~♣♣~
#..#.#### ≈~~≈≈~PP♣♣#
#.#....## ~~≈≈≈~~~~~♣##
#.....[..
≈≈≈≈P~S@~~~~#####.......
~~~~~PP~~~~♣...##.......
...............# #......
~≈~~~≈~~~~~~...###......
P~~~P≈≈≈≈~~~~$..........
P♣♣♣~≈P~P~~~~....#......
♣♣♣≈≈~~~~~....#......
♣~~~~~~♣....#......
♣~~~~~~♣....#######


You could see an electric eel.

Vanquished Creatures
  Sigmund (D:2)
  Eustachio (D:4)
  A sky beast (D:6)
  2 ice beasts
  2 ogres
  4 scorpions
  An electric eel (D:6)
  2 hounds
  A jelly (D:5)
  An orc priest (D:6)
  3 iguanas
  3 orc wizards
  3 gnolls (D:4)
  8 adders
  An ufetubus (D:5)
  3 worms
  4 dart slugs
  9 orcs
  9 ball pythons
  2 bats (D:3)
  8 endoplasms
  10 giant cockroaches
  10 goblins
  6 hobgoblins
  7 jackals
  6 quokkas
  5 frilled lizards
  8 kobolds
  4 rats
125 creatures vanquished.

Vanquished Creatures (others)
  2 plants (D:6)
2 creatures vanquished.

Grand Total: 127 creatures vanquished

Notes
Turn   | Place    | Note
-------+----------+-------------------------------------------
     0 | D:1      | Kinoniko the Troll Monk began the quest for the Orb.
     0 | D:1      | Reached XP level 1. HP: 22/22 MP: 0/0
   105 | D:1      | Reached XP level 2. HP: 29/29 MP: 1/1
   313 | D:1      | Found Givaladd's Armour Shop.
   477 | D:1      | Found a faded altar of an unknown god.
   503 | D:1      | Reached skill level 4 in Unarmed Combat
   621 | D:1      | Found Cisuaty's Book Shoppe.
   729 | D:1      | Reached XP level 3. HP: 36/36 MP: 2/2
   928 | D:2      | Found a radiant altar of Vehumet.
  1108 | D:2      | Reached XP level 4. HP: 44/44 MP: 3/3
  1111 | D:2      | Reached skill level 5 in Unarmed Combat
  1326 | D:2      | Noticed Sigmund
  1345 | D:2      | Killed Sigmund
  1346 | D:2      | Reached skill level 6 in Unarmed Combat
  1346 | D:2      | Reached XP level 5. HP: 14/50 MP: 4/4
  1526 | D:2      | Reached XP level 6. HP: 57/59 MP: 5/5
  1532 | D:2      | Identified the +1 chain mail of Toloet {rPois Will+ rCorr
                  | SInv}
  1924 | D:3      | Reached skill level 7 in Unarmed Combat
  1973 | D:3      | Found a glowing silver altar of Zin.
  1978 | D:3      | Found a sparkling altar of Nemelex Xobeh.
  1978 | D:3      | Found a shadowy altar of Dithmenos.
  1991 | D:3      | Found a stormy altar of Qazlal.
  1994 | D:3      | Found a shimmering altar of Xom.
  2705 | D:4      | Noticed an ice beast
  2713 | D:4      | Killed an ice beast
  2714 | D:4      | Reached skill level 8 in Unarmed Combat
  2714 | D:4      | Reached XP level 7. HP: 66/66 MP: 6/6
  2719 | D:4      | Noticed Eustachio
  2724 | D:4      | Killed Eustachio
  2880 | D:4      | Reached skill level 9 in Unarmed Combat
  3179 | D:5      | Entered Level 5 of the Dungeon
  3210 | D:5      | Reached XP level 8. HP: 63/74 MP: 7/7
  3311 | D:5      | Found a basalt altar of Yredelemnul.
  3378 | D:5      | Reached skill level 10 in Unarmed Combat
  3425 | D:5      | Found a blossoming altar of Fedhas.
  3801 | D:6      | HP: 2/78 [electric eel/bolt of electricity (12)]
  3807 | D:6      | Killed from afar by an electric eel

Illustrated notes

Levels and vault maps discovered:
D:1:      nzn_arrival_settlement, layout_basic,
          shapermc_ecumenical_altar_totnotflames, serial_shops,
          nicolae_shop_stone, nicolae_shop_waterfront, minmay_misc_feat_plants
D:2:      minmay_alternating_diamond, layout_basic, basic_altar,
          corexii_item_surrounded_by_moat, minmay_tiny_reverse_x, uniq_sigmund
D:3:      layout_basic, minmay_overflow_temple_star_hex
D:4:      layout_rooms, grunt_ministairs_4,
          hangedman_abyss_or_decor_jellyfish_corner, uniq_eustachio
D:5:      layout_rooms, fedhas_altar_1, mainiacjoe_overflow_alcove_2,
          minmay_misc_feat_roman, minmay_misc_feat_chi
D:6:      layout_rooms, nicolae_overflow_crystal_walls,
          mainiacjoe_overflow_two_lobes, serial_bayou_lagoon_b

Skill      XL: |  1  2  3  4  5  6  7  8 |
---------------+-------------------------+-----
Unarmed Combat | 4 6 8 9 10 | 10.6
Fighting       | 3 |  3.8
Dodging        | |  2.4
Stealth        | |  1.0

Action                   |  1- 3 |  4- 6 |  7- 9 || total
-------------------------+-------+-------+-------++-------
Melee: Unarmed           |    70 |   115 |   120 ||   305
       Punch             |     1 |     4 |     8 ||    13
  Use: Scroll            |       |     4 |       ||     4
 Stab: Sleeping          |     7 |     3 |     2 ||    12
Armor: Robe              |    20 |    34 |    28 ||    82
Dodge: Dodged            |    24 |    47 |    53 ||   124

Table legend: (Time is in decaauts)
 A = Elapsed time spent in this place.
 B = Non-inter-level travel time spent in this place.
 C = Inter-level travel time spent in this place.
 D = Time resting spent in this place.
 E = Time spent auto-exploring this place.
 F = Levels seen in this place.
 G = Mean time per level.
                   A        B        C        D        E       F      G
               +--------+--------+--------+--------+--------+-----+--------+
         Total |   3766 |   3572 |    194 |      0 |   2894 |   6 |  627.7 |
       Dungeon |   3766 |   3572 |    194 |      0 |   2894 |   6 |  627.7 |
               +--------+--------+--------+--------+--------+-----+--------+

Top non-repeatable levels by time:
     D:2: 901 daAuts
     D:1: 901 daAuts
     D:3: 735 daAuts
     D:4: 613 daAuts
     D:5: 484 daAuts
     D:6: 130 daAuts
